Workbook

Sheet Presupuesto
A1: PRESUPUESTO ACUEDUCTO VEREDA CARAUQUIA
A2: MUNICIPIO DE BURITICA | M2: =0.5*0.5*0.5*2 -> 0.25
A3: ITEM | B3: DETALLE | C3: U/M | D3: CANTIDAD | E3: VLR. UNIT. | F3: VLR. TOTAL
A4: I. | B4: BOCATOMA
A5: 1 | B5: Localización | C5: m² | D5: =+'Cantidades de obra '!E7 -> 5.7879 | E5: =+Bocatoma!G44 -> 6125 | F5: =D5*E5 -> 35450.887 | I5: =2.36+1.65+4.4 -> 8.41
A6: 2 | B6: Manejo de la quebrada. | C6: gl | D6: 1 | E6: =+Bocatoma!G88 -> 818125 | F6: =D6*E6 -> 818125 | I6: =+I5/3 -> 2.8033333 | J6: =+I6*1.8*0.1 -> 0.5046 | M6: =+(1.65+2.36+4.4+1.88*2)/5 -> 2.434
A7: 3 | B7: Excavación en las condiciones de humedad existentes | M7: =+M6*0.05 -> 0.1217 | N7: =1*1*1*2+0.5*0.5*0.5*2 -> 2.25 | O7: =0.4*0.4*0.4+2.9*0.4*0.4 -> 0.528
A8: 3.1 | B8: en material heterogeneo | C8: m³ | D8: =+'Cantidades de obra '!E5 -> 0.289395 | E8: =+Bocatoma!G132 -> 122500 | F8: =D8*E8 -> 35450.888 | M8: =+M7+N7+O7+M2 -> 3.1497
A9: 3.2 | B9: en roca | C9: m³ | D9: =+'Cantidades de obra '!F26 -> 2.25 | E9: =+Bocatoma!G176 -> 339583.56 | F9: =D9*E9 -> 764063
A10: 4 | B10: Concreto ciclopeo para fundacion de losa para represamiento de agua de fc=175 kg/cm2, con 60% de piedra. | C10: m³ | D10: =+(0.92+1.2+1.36)/3*1.8*0 -> 0 | E10: =Bocatoma!G216 -> 1567876.9 | F10: =D10*E10 -> 0
A11: 5 | B11: Concreto de f´c=210 Kg/cm², incluye acelerante y formaleteria. | C11: m³ | D11: =+'Cantidades de obra '!F59 -> 3.067395 | E11: =+Bocatoma!G264 -> 1782312.4 | F11: =D11*E11 -> 5467056
A12: 6 | B12: Acero de refuerzo. | I12: =4.85*4 -> 19.4
A13: 6.1 | B13: Ø 3/8"- 5/8" (60000 psi). | C13: Kg | D13: =+'Cantidades de obra '!F90 -> 88.890625 | E13: =+Bocatoma!G308 -> 9989.5574 | F13: =D13*E13 -> 887978 | I13: =4.375*4 -> 17.5
A14: 6.2 | B14: Ø 1/2" (60000 psi). | C14: Kg | D14: =160*0 -> 0 | E14: =Bocatoma!G348 -> 11691.877 | F14: =D14*E14 -> 0
A15: 7 | B15: Construccion de caja de derivacion en concreto, adosada a bocatoma, (ver planos). | C15: un | D15: 1 | E15: =+Bocatoma!G396 -> 1148345 | F15: =D15*E15 -> 1148345
A16: 8 | B16: Rejilla (ver planos). | C16: un | D16: 1 | E16: =+Bocatoma!G440 -> 368125 | F16: =D16*E16 -> 368125
A17: 9 | B17: Valvula de compuerta Ø 2" roscada tipo Reed White, incluye accesorios. | C17: un | D17: 1 | E17: =+Bocatoma!G484 -> 425238 | F17: =D17*E17 -> 425238
A18: 10 | B18: Caja para valvula de (o,70 x 0,70m) libres incluye, base.muros y tapa con marco metalico. | C18: un | D18: 1 | E18: =+Bocatoma!G528 -> 598938 | F18: =D18*E18 -> 598938
A19: 11 | B19: Sistema de aforo en fibra de vidrio, incluye vertedero, sistema de rebose y desagues. | C19: un | D19: 1 | E19: =+Bocatoma!G572 -> 2271438 | F19: =D19*E19 -> 2271438
A20: 12 | B20: Medio codo PVC-P Ø 2" X 45°. | C20: un | D20: 2 | E20: =+Bocatoma!G616 -> 89088 | F20: =D20*E20 -> 178176
A21: 13 | B21: Niple Ø 4" en PVC, adaptador macho y tapón, para limpieza de bocatoma, (ver panos). | C21: un | D21: 1 | E21: =+Bocatoma!G660 -> 227664 | F21: =D21*E21 -> 227664
A22: 14 | B22: Tubería PVC-P Ø 3" empotrada en toma. | C22: ml | D22: 1 | E22: =+Bocatoma!G704 -> 88938 | F22: =D22*E22 -> 88938 | J22: =+F25+F112 -> 77762132
A23: 15 | B23: Llenos con material de la excavación. | C23: m³ | D23: 0 | E23: =+Bocatoma!G748 -> 73500 | F23: =D23*E23 -> 0
A24: 16 | B24: S.T.I Guaya Cable Galvanizado 1/4 Alma De Acero | C24: m | D24: =16+17+2.5+4+1.25+0.35+0.4+0.45 -> 41.95 | E24: =+Bocatoma!G792 -> 19350.632 | F24: =+D24*E24 -> 811759
A25: COSTO DIRECTO BOCATOMA | F25: =SUM(F5:F24) -> 14126745
A26: ITEM | B26: DETALLE | C26: U/M | D26: CANTIDAD | E26: VLR. UNIT. | F26: VLR. TOTAL
A27: II. | B27: TANQUE DESARENADOR
A28: 1 | B28: Excavación.
A29: 1.1 | B29: en material heterogéneo. | C29: m³ | D29: 4 | E29: ='Tanque Desarenador'!G40 -> 122500 | F29: =D29*E29 -> 490000
A30: 1.2 | B30: en roca. | C30: m³ | D30: 0.5 | E30: =+'Tanque Desarenador'!G85 -> 760169.49 | F30: =D30*E30 -> 380084.75
A31: 2 | B31: Concreto para solado esp. = 0,05 m. | C31: m² | D31: 2 | E31: ='Tanque Desarenador'!G131 -> 154675 | F31: =D31*E31 -> 309350
A32: 3 | B32: Tapa de concreto para desarenador tapa con marco metalico. | C32: un | D32: 1 | E32: =+'Tanque Desarenador'!G179 -> 950958 | F32: =D32*E32 -> 950958
A33: 4 | B33: Tanque desarenador en fibra de vidrio (PRFV), según planos. L = 2.20 m, Ancho = 0,80 m, H = 1.10 m. | C33: m³ | D33: 1 | E33: =+'Tanque Desarenador'!G218 -> 6434750 | F33: =D33*E33 -> 6434750
A34: 5 | B34: Válvula de compuerta eastica, vastago no ascendente Ø4" | C34: un | D34: 1 | E34: =+'Tanque Desarenador'!G263 -> 854825 | F34: =D34*E34 -> 854825
A35: 6 | B35: Válvula de compuerta Ø11/2", E.R. | C35: un | D35: 4 | E35: =+'Tanque Desarenador'!G307 -> 296740.85 | F35: =D35*E35 -> 1186963.4
A36: 7 | B36: Válvula de compuerta Ø2", E.R. | C36: un | D36: 3 | E36: =+'Tanque Desarenador'!G350 -> 420435 | F36: =D36*E36 -> 1261305
A37: 8 | B37: Tubería PVC presión.
A38: 8.1 | B38: Ø 11/2" RDE 21 | C38: ml | D38: 6 | E38: =+'Tanque Desarenador'!G396 -> 44361.9 | F38: =D38*E38 -> 266171.4
A39: 8.2 | B39: Ø 2" RDE 21 | C39: ml | D39: 2.5 | E39: ='Tanque Desarenador'!G442 -> 60977.55 | F39: =D39*E39 -> 152443.88
A40: 8.3 | B40: Ø 4" RDE 21 | C40: ml | D40: 6 | E40: ='Tanque Desarenador'!G488 -> 115609.69 | F40: =D40*E40 -> 693658.15
A41: 9 | B41: Tee PVC P presión.
A42: 9.1 | B42: Ø2" | C42: un | D42: 4 | E42: ='Tanque Desarenador'!G534 -> 90237.425 | F42: =D42*E42 -> 360949.7
A43: 9.1 | B43: Ø4" | C43: un | D43: 1 | E43: ='Tanque Desarenador'!G580 -> 262571.61 | F43: =D43*E43 -> 262571.61
A44: 10 | B44: Codo PVC presión Ø2" x 90°. | C44: un | D44: 3 | E44: ='Tanque Desarenador'!G626 -> 82342.875 | F44: =D44*E44 -> 247028.62
A45: 11 | B45: S.T.I de tanque cilindrico en fibra de vidrio PRFV, para prefiltro, incluye, falso fondo, salida de limpieza, rebose, tubería de repartición y salida. Diametro = 1,50 m. H = 1,70 m. | C45: un | D45: 2 | E45: =+'Tanque Desarenador'!G670 -> 4488250 | F45: =D45*E45 -> 8976500
A46: 12 | B46: Torre de aireación en bandejas perforadas en fibra de vidrio (PRFV), cuatro bandejas, incluye tuberías y montaje, (para reducción de hierro). | C46: gl | D46: 1 | E46: =+'Tanque Desarenador'!G714 -> 2591625 | F46: =D46*E46 -> 2591625
A47: 13 | B47: Pall Rings Ø2" por 2" de altura, para reducción de hierro (van dentro de las bandejas). | C47: m³ | D47: 0.2 | E47: =+'Tanque Desarenador'!G758 -> 2256250 | F47: =D47*E47 -> 451250
A48: 14 | B48: Unión mecanica PVC Ø 2" (pasante). | C48: un | D48: 4 | E48: =+'Tanque Desarenador'!G803 -> 526974.63 | F48: =D48*E48 -> 2107898.5
A49: 15 | B49: Llenos. | C49: m³ | D49: 3.5 | E49: ='Tanque Desarenador'!G849 -> 73500 | F49: =D49*E49 -> 257250
B50: COSTO DIRECTO TANQUE DESARENADOR | F50: =+F32 -> 950958
A51: ITEM | B51: DETALLE | C51: U/M | D51: CANTIDAD | E51: VLR. UNIT. | F51: VLR. TOTAL
A52: III. | B52: TANQUE DE ALMACENAMIENTO
A54: 1 | B54: Localización | C54: m² | D54: =+'Cantidades de obra '!E104 -> 37.6 | E54: =+'Tanque almacenamiento'!G44 -> 7656.0006 | F54: =D54*E54 -> 287865.62
A55: 2 | B55: Excavación.
A56: 2.1 | B56: en material heterogéneo. | C56: m³ | D56: =+'Cantidades de obra '!E108-D57 -> 18.048 | E56: =+'Tanque almacenamiento'!G88 -> 52500 | F56: =D56*E56 -> 947520 | V56: =37.06/2 -> 18.53
A57: 2.2 | B57: en roca. | C57: m³ | D57: =+'Cantidades de obra '!F110 -> 4.512 | E57: =+'Tanque almacenamiento'!G132 -> 195850 | F57: =D57*E57 -> 883675.2
A58: 3 | B58: Entresuelo en piedra y recebo e=0.20m. | C58: m² | D58: 0 | E58: =+'Tanque almacenamiento'!G176 -> 143213 | F58: =D58*E58 -> 0 | J58: 3.5 | L58: =+(J58-0.15)/0.2+1 -> 17.75 | M58: =18*J61 -> 105.3 | N58: =25/16 -> 1.5625 | O58: =+M58*N58 -> 164.53125 | P58: =+M58*0.994 -> 104.6682 | W58: =0.1*3*1.2 -> 0.36
A59: 4 | B59: Concreto para solado esp=0.05m. | C59: m² | D59: =+'Cantidades de obra '!E124 -> 1.6835 | E59: =+'Tanque almacenamiento'!G219 -> 153063 | F59: =D59*E59 -> 257681.56 | J59: 6 | L59: =+(J59-0.15)/0.2+1 -> 30.25 | M59: =30*J60 -> 100.5 | N59: =25/16 -> 1.5625 | O59: =+M59*N59 -> 157.03125 | P59: =+M59*0.994 -> 99.897
A60: 5 | B60: Concreto de f´c = 210 kg / cm2, incluye, formaletería. | C60: m³ | D60: =+'Cantidades de obra '!E160 -> 6.734 | E60: =+'Tanque almacenamiento'!G263 -> 1782313 | F60: =D60*E60 -> 12002096 | I60: =4*4*0.2 -> 3.2 | J60: =3.5-0.15 -> 3.35 | L60: =+J60/0.2+1 -> 17.75 | M60: =30*J61 -> 175.5 | O60: =SUM(O58:O59) -> 321.5625 | P60: =SUM(P58:P59) -> 204.5652 | Q60: =SUM(O60:P60) -> 526.1277 | U60: 1500000 | V60: =+U60*D60 -> 10101000 | W60: =+F60-V60 -> 1901095.7
A61: 6 | B61: Ø1/2" - 5/8" (60000 psi) | C61: Kg | D61: =+'Cantidades de obra '!F146 -> 727.1572 | E61: =+'Tanque almacenamiento'!G307 -> 9990 | F61: =D61*E61 -> 7264300.4 | J61: =6-0.15 -> 5.85 | L61: =+J61/0.2+1 -> 30.25 | U61: 8000 | V61: =+D61*U61 -> 5817257.6 | W61: =+F61-V61 -> 1447042.8
A62: 7 | B62: S.T.I de tanque cilindrico en PRFV, para unidad de filtracion, incluye falso fondo, tubería interna de salida de aguas filtradas, tubería de drenaje del tanque, tubería interna perforada de aguas de lavado de filtros. D= 2,70 m. H= 2,50 m. | C62: un | D62: 0 | E62: ='Tanque almacenamiento'!G347 -> 9528029.2 | F62: =D62*E62 -> 0 | L62: =+J62/0.2+1 -> 1
A63: 8 | B63: S.T.I de tanque cilindrico en PRFV, para unidad de floculacion - sedimentacion, incluye tubería interna de distribucion de agua cruda, tubería de desague agua de lavado, canaleta diente de sierra de agas floculadas. H = 2,80 m. Diametro = 1,20 m. | C63: un | D63: 0 | E63: =+'Tanque almacenamiento'!G391 -> 8935038.5 | F63: =D63*E63 -> 0 | L63: =+J63/0.2+1 -> 1
A64: 9 | B64: S.T.I de tanque cilíndrico en PRFV, para tanque de almacenamiento, D=1,90m. H=3,02m. | C64: un | D64: 3 | E64: =+'Tanque almacenamiento'!G351 -> 12386438 | F64: =D64*E64 -> 37159314 | I64: =+E64/1.45 -> 8542371 | W64: =+W60+W61 -> 3348138.6
A65: 10 | B65: S.T.I de tanque cilindrico en PRFV, para lavado de filtro, incluye flotador Ø1", salidas para rebose y limpieza, Lado = 1,25 m. H=1,25 m. | C65: un | D65: 0 | E65: =+'Tanque almacenamiento'!G479 -> 8279850 | F65: =D65*E65 -> 0
A66: 11 | B66: Tubería PVC presión.
A67: 11.1 | B67: Ø 11/2" RDE 21 | C67: ml | D67: 0 | E67: ='Tanque almacenamiento'!G523 -> 46675.036 | F67: =D67*E67 -> 0
A68: 11.2 | B68: Ø 2" RDE 21 | C68: ml | D68: 0 | E68: ='Tanque almacenamiento'!G567 -> 46906.154 | F68: =D68*E68 -> 0
A69: 12 | B69: Codo PVC presión Ø1½". | C69: un | D69: 0 | E69: =+'Tanque almacenamiento'!G611 -> 64080.375 | F69: =D69*E69 -> 0
A70: 13 | B70: Codo PVC presión Ø2". | C70: un | D70: 0 | E70: =+'Tanque almacenamiento'!G655 -> 53664.615 | F70: =D70*E70 -> 0
A71: 14 | B71: Medio codo PVC presión Ø2". | C71: un | D71: 0 | E71: ='Tanque almacenamiento'!G699 -> 65974.75 | F71: =D71*E71 -> 0
A72: 15 | B72: Tee Ø2" PVC-P presión. | C72: un | D72: 0 | E72: ='Tanque almacenamiento'!G743 -> 81108.312 | F72: =D72*E72 -> 0
A73: 16 | B73: Válvula de compuerta Ø2", tipo Reed White, incluye accesorios. | C73: un | D73: 0 | E73: =+'Tanque almacenamiento'!G789 -> 803187.5 | F73: =D73*E73 -> 0
A74: 17 | B74: Válvula bola metalica Ø2", incluye accesorios. | C74: un | D74: 0 | E74: =+'Tanque almacenamiento'!G831 -> 389104.94 | F74: =D74*E74 -> 0
F75: =D75*E75 -> 0
A76: 10 | B76: S.T. I Válvula de Bola / Compuerta Ø1 " PVC Presión , incluye accesorios. | C76: un | D76: 8 | E76: =+'Tanque almacenamiento'!G879 -> 109038 | F76: =D76*E76 -> 872304 | I76: S.T. I | M76: =+_xlfn.CONCAT(I76," ",B76) -> S.T. I S.T. I Válvula de Bola / Compuerta Ø1 " PVC Presión , incluye accesorios.
A77: 11 | B77: S.T. I Unión Universal PVC Presión Ø1 " | C77: un | D77: 6 | E77: =+'Tanque almacenamiento'!G923 -> 24980 | F77: =D77*E77 -> 149880 | I77: S.T. I | M77: =+_xlfn.CONCAT(I77," ",B77) -> S.T. I S.T. I Unión Universal PVC Presión Ø1 "
A78: 12 | B78: S.T. I Adaptador Macho / Brida PRFV a PVC Ø1 " | C78: un | D78: 12 | E78: =+'Tanque almacenamiento'!G967 -> 11741 | F78: =D78*E78 -> 140892 | I78: S.T. I | M78: =+_xlfn.CONCAT(I78," ",B78) -> S.T. I S.T. I Adaptador Macho / Brida PRFV a PVC Ø1 "
A79: 13 | B79: S.T. I Codo 90° PVC Presión Ø1 " | C79: un | D79: 18 | E79: =+'Tanque almacenamiento'!G1011 -> 10609 | F79: =D79*E79 -> 190962.01 | I79: S.T. I | M79: =+_xlfn.CONCAT(I79," ",B79) -> S.T. I S.T. I Codo 90° PVC Presión Ø1 "
A80: 14 | B80: S.T. I Tee PVC Presión Ø1 " | C80: un | D80: 10 | E80: =+'Tanque almacenamiento'!G1055 -> 15883 | F80: =D80*E80 -> 158830 | I80: S.T. I | M80: =+_xlfn.CONCAT(I80," ",B80) -> S.T. I S.T. I Tee PVC Presión Ø1 "
A81: 15 | B81: S.T. I Tubería PVC Presión (RDE 21 / Sch 40) Ø1 " | C81: m | D81: 15 | E81: =+'Tanque almacenamiento'!G1099 -> 24489 | F81: =D81*E81 -> 367335 | I81: S.T. I | M81: =+_xlfn.CONCAT(I81," ",B81) -> S.T. I S.T. I Tubería PVC Presión (RDE 21 / Sch 40) Ø1 "
A82: 16 | B82: S.T. I Tubería PVC Presión (Colector General) Ø 2" o 1 1/2" | C82: m | D82: 12 | E82: =+'Tanque almacenamiento'!G1143 -> 33860 | F82: =D82*E82 -> 406320 | I82: S.T. I | M82: =+_xlfn.CONCAT(I82," ",B82) -> S.T. I S.T. I Tubería PVC Presión (Colector General) Ø 2" o 1 1/2"
A83: 17 | B83: S.T. I Reducción Bushing PVC Ø 2" a 1" ó 1 1/2" a 1" | C83: un | D83: 6 | E83: =+'Tanque almacenamiento'!G1187 -> 25239 | F83: =D83*E83 -> 151434 | I83: S.T. I | M83: =+_xlfn.CONCAT(I83," ",B83) -> S.T. I S.T. I Reducción Bushing PVC Ø 2" a 1" ó 1 1/2" a 1"
A84: 18 | B84: S.T. I Codo 90° PVC Presión Ø 2" (Venteo) | C84: un | D84: 3 | E84: =+'Tanque almacenamiento'!G659 -> 69764 | F84: =D84*E84 -> 209292 | I84: S.T. I | M84: =+_xlfn.CONCAT(I84," ",B84) -> S.T. I S.T. I Codo 90° PVC Presión Ø 2" (Venteo)
A85: 19 | B85: S.T. I Tubería PVC Ø 2" (Venteo) | C85: m | D85: 3 | E85: =+'Tanque almacenamiento'!G571 -> 60978 | F85: =D85*E85 -> 182934 | I85: S.T. I | M85: =+_xlfn.CONCAT(I85," ",B85) -> S.T. I S.T. I Tubería PVC Ø 2" (Venteo)
A86: 20 | B86: S.T. I Tubería y accesorios Conduit Ø PVC 3/4" (Control) | C86: Glb | D86: 4 | E86: =+'Tanque almacenamiento'!G1231 -> 23239 | F86: =D86*E86 -> 92956 | I86: S.T. I | M86: =+_xlfn.CONCAT(I86," ",B86) -> S.T. I S.T. I Tubería y accesorios Conduit Ø PVC 3/4" (Control)
A87: 21 | B87: S.T. I Junta Flexible / Antivibratoria Ø1 " | C87: un | D87: 6 | E87: =+'Tanque almacenamiento'!G1275 -> 159685 | F87: =D87*E87 -> 958110 | I87: S.T. I | M87: =+_xlfn.CONCAT(I87," ",B87) -> S.T. I S.T. I Junta Flexible / Antivibratoria Ø1 "
A88: 22 | B88: S.T. I Soporte metálico / Abrazadera tipo uña Var. | C88: un | D88: 20 | E88: =+'Tanque almacenamiento'!G1319 -> 16015 | F88: =D88*E88 -> 320300 | I88: S.T. I | M88: =+_xlfn.CONCAT(I88," ",B88) -> S.T. I S.T. I Soporte metálico / Abrazadera tipo uña Var.
A89: 23 | B89: S.T. I Adhesivo (Soldadura líquida) para PVC en 1/4 Gl | C89: Gl | D89: 1.5 | E89: =+'Tanque almacenamiento'!G1363 -> 126924 | F89: =D89*E89 -> 190386 | I89: S.T. I | M89: =+_xlfn.CONCAT(I89," ",B89) -> S.T. I S.T. I Adhesivo (Soldadura líquida) para PVC en 1/4 Gl
B90: S.T. I Limpiador (Primer) para PVC en 1/4 Gl | C90: Gl | D90: 1 | F90: =D90*E90 -> 0 | I90: S.T. I | M90: =+_xlfn.CONCAT(I90," ",B90) -> S.T. I S.T. I Limpiador (Primer) para PVC en 1/4 Gl
B91: S.T. I Cinta de Téflon industrial | C91: Rollo | D91: 8 | F91: =D91*E91 -> 0 | I91: S.T. I | M91: =+_xlfn.CONCAT(I91," ",B91) -> S.T. I S.T. I Cinta de Téflon industrial
A92: 18 | B92: Modulo de sedimentación acelerada en poliestireno color negro calibre 1.5 mm, altura 75 cms, con tamaño de rombo 5,50cm y inclinación de celdas 60°, díametro 0.68 mt. | C92: un | D92: 0 | E92: =+'Tanque almacenamiento'!G1578 -> 1397962.5 | F92: =D92*E92 -> 0
A93: 19 | B93: Lecho poroso 3/4", para sedimentador. | C93: m³ | D93: 0 | E93: =+'Tanque almacenamiento'!G1622 -> 834462.5 | F93: =D93*E93 -> 0
A94: 20 | B94: Grava de soporte en filtros. | C94: m³ | D94: 0 | E94: =+'Tanque almacenamiento'!G1666 -> 1845979.2 | F94: =D94*E94 -> 0
A95: 21 | B95: Arena torpedo. | C95: m³ | D95: 0 | E95: =+'Tanque almacenamiento'!G1710 -> 1845979.2 | F95: =D95*E95 -> 0
A96: 22 | B96: Arena para filtros Cu = 1.67 T.E = 0.48 mm. | C96: m³ | D96: 0 | E96: ='Tanque almacenamiento'!G1754 -> 1845979.2 | F96: =D96*E96 -> 0
A97: 23 | B97: Antracita Cu = 1.79 T.E = 0.70 mm. | C97: m³ | D97: 0 | E97: =+'Tanque almacenamiento'!G1798 -> 1950100 | F97: =D97*E97 -> 0
A98: 24 | B98: Macromedidor Ø 11/2" volumetrico, incluye bridas PVC, empaques y tornilleria. | C98: un | D98: 0 | E98: ='Tanque almacenamiento'!G1842 -> 860631.25 | F98: =D98*E98 -> 0 | G98: 666930
A99: 25 | B99: Filtro en Yee Ø11/2", E.R. | C99: un | D99: 0 | E99: ='Tanque almacenamiento'!G1886 -> 595693.15 | F99: =D99*E99 -> 0 | G99: 121187
A100: 26 | B100: Unión rapida deslizante Ø2". | C100: un | D100: 0 | E100: ='Tanque almacenamiento'!G1930 -> 118580.23 | F100: =D100*E100 -> 0
A101: 27 | B101: Caja para macromedidor, incluye base, muros y tapa con marco metalico (0.40x0.80) m, libres. | C101: un | D101: 0 | E101: ='Tanque almacenamiento'!G1974 -> 776847.5 | F101: =D101*E101 -> 0
...

Sheet Redes de Distribución
A1: ANALISIS DE PRECIOS UNITARIOS
A3: NOMBRE: MUNICIPIO DE BURITICA
A4: OBRA N° Conducción - Red de Distribución | F4: Fecha: | G4: =+TODAY() -> 46289
A6: ITEM N° : 1. | B6: Localización
C7: CANTIDAD: | D7: 4704 | E7: UNID: | F7: M.L
A8: I.EQUIPO
A9: Descripción | B9: Tipo | C9: Tarifa/Hr. | D9: Rendim. | E9: Valor Unit.
A10: Herram. | E10: =G38*0.05 -> 113.75 | K10: 1 Oficial | L10: 150000
K11: 1 Ayudante | L11: 100000
K12: 1 Minero | L12: 120000
F13: Subtotal | G13: =E10+E11+E12+E13 -> 113.75 | K13: 1 pintor | L13: 120000
A14: II. MATERIALES
A15: Descripción | B15: Unidad | C15: Prec. Un. | D15: Cantid. | E15: Valor Unit.
F22: Subtotal
A23: III.TRANSPORTE
A24: Material | B24: Vol.o peso | C24: Distancia | D24: Tarifa | E24: Valor Unit.
E25: 1164.3269
F29: Subtotal | G29: =+E25 -> 1164.3269
A30: IV. MANO DE OBRA
A31: Trabajador | B31: Jornal/dia | C31: Prest. Soc. | D31: Jornal Tot. | E31: Rendim/to | F31: Valor total
A32: Comision Topografía | B32: 650000 | C32: =B32*0.75 -> 487500 | D32: =B32+C32 -> 1137500 | E32: 500 | F32: =D32/E32 -> 2275
F38: Subtotal | G38: =F32+F33+F34+F35+F36+F37 -> 2275
A40: A: 25% | D40: TOTAL COSTO DIRECTO | G40: =G13+G22+G29+G38 -> 3553.0769 | I40: 4619
E42: A.I.U. ( 30 ) % | G42: =0.3*G40 -> 1065.9231
A44: U: 5% | D44: PRECIO UNITARIO | G44: =G40+G42 -> 4619
A45: ANALISIS DE PRECIOS UNITARIOS
A47: NOMBRE: MUNICIPIO DE BURITICA
A48: =+A4 -> OBRA N° Conducción - Red de Distribución | F48: Fecha: | G48: =+TODAY() -> 46289
A50: ITEM N° : 2.1 | B50: Excavacion en material humedo heterogeneo
C51: CANTIDAD: | D51: 2002 | E51: UNID: | F51: M3
A52: I.EQUIPO
A53: Descripción | B53: Tipo | C53: Tarifa/Hr. | D53: Rendim. | E53: Valor Unit.
A54: Herram. | E54: =G82*0.05 -> 3231.2535
F57: Subtotal | G57: =E54+E55+E56+E57 -> 3231.2535
A58: II. MATERIALES
A59: Descripción | B59: Unidad | C59: Prec. Un. | D59: Cantid. | E59: Valor Unit.
F66: Subtotal | G66: =E60+E61+E62+E63+E64+E65+E66 -> 0
A67: III.TRANSPORTE
A68: Material | B68: Vol.o peso | C68: Distancia | D68: Tarifa | E68: Valor Unit.
F73: Subtotal | G73: =E69+E70+E71+E72+E73 -> 0
A74: IV. MANO DE OBRA
A75: Trabajador | B75: Jornal/dia | C75: Prest. Soc. | D75: Jornal Tot. | E75: Rendim/to | F75: Valor total
A76: 2 Ayudantes | B76: 1600000 | C76: 120000 | D76: 252037.78 | E76: 3.9000001 | F76: =D76/E76 -> 64625.069
F82: Subtotal | G82: =F76+F77+F78+F79+F80+F81 -> 64625.069
A84: A: 25% | D84: TOTAL COSTO DIRECTO | G84: =G57+G66+G73+G82 -> 67856.323 | I84: 88213.22
E86: A.I.U. ( 30 ) % | G86: =0.3*G84 -> 20356.897
A88: U: 5% | D88: PRECIO UNITARIO | G88: =G84+G86 -> 88213.22
A89: ANALISIS DE PRECIOS UNITARIOS
A91: NOMBRE: MUNICIPIO DE BURITICA
A92: =+A4 -> OBRA N° Conducción - Red de Distribución | F92: Fecha: | G92: =+TODAY() -> 46289
A94: ITEM N° : 2.2 | B94: Excavacion en roca.
C95: CANTIDAD: | D95: 6 | E95: UNID: | F95: M3
A96: I.EQUIPO
A97: Descripción | B97: Tipo | C97: Tarifa/Hr. | D97: Rendim. | E97: Valor Unit.
A98: Herram. | E98: 11181
F101: Subtotal | G101: =E98+E99+E100+E101 -> 11181
A102: II. MATERIALES
A103: Descripción | B103: Unidad | C103: Prec. Un. | D103: Cantid. | E103: Valor Unit.
A104: Mecha, polvora | B104: Glb | C104: 75000 | D104: 1 | E104: 40000
F109: Subtotal | G109: =E104+E105+E106+E107+E108+E109 -> 40000
A110: III.TRANSPORTE
A111: Material | B111: Vol.o peso | C111: Distancia | D111: Tarifa | E111: Valor Unit.
A112: Transp.
F116: Subtotal | G116: =E112+E113+E114+E115+E116 -> 0
A117: IV. MANO DE OBRA
A118: Trabajador | B118: Jornal/dia | C118: Prest. Soc. | D118: Jornal Tot. | E118: Rendim/to | F118: Valor total
A119: 1 Minero | B119: 120000 | C119: =0.75*B119 -> 90000 | D119: 265500 | E119: 2.1 | F119: =D119/E119 -> 126428.57
A120: 1 Ayudante | B120: 100000 | C120: =0.75*B120 -> 75000 | D120: 140000 | E120: 2.1270047 | F120: =D120/E120 -> 65820.259
F126: Subtotal | G126: =F119+F120+F121+F122+F123+F124 -> 192248.83
A128: A: 25% | D128: TOTAL COSTO DIRECTO | G128: =G101+G109+G116+G126 -> 243429.83 | I128: 316458.78
E130: A.I.U. ( 30 ) % | G130: =0.3*G128 -> 73028.949
A132: U: 5% | D132: PRECIO UNITARIO | G132: =G128+G130 -> 316458.78
A133: ANALISIS DE PRECIOS UNITARIOS
A135: NOMBRE: MUNICIPIO DE BURITICA
A136: =+A4 -> OBRA N° Conducción - Red de Distribución | F136: Fecha: | G136: =+TODAY() -> 46289
A139: ITEM N° : 3.1 | B139: Tubería PVC Ø 1/2" (manguera PF + UAD).
C140: CANTIDAD: | D140: 1600 | E140: UNID: | F140: M.L
A141: I.EQUIPO
A142: Descripción | B142: Tipo | C142: Tarifa/Hr. | D142: Rendim. | E142: Valor Unit.
A143: Herram. | E143: =G170*0.05 -> 243.05556
F146: Subtotal | G146: =E143+E144+E145+E146 -> 243.05556
A147: II. MATERIALES
A148: Descripción | B148: Unidad | C148: Prec. Un. | D148: Cantid. | E148: Valor Unit.
A149: Mangu. pf+uad Ø1/2. | B149: m.l | C149: =3950*1.19 -> 4700.5 | D149: 1.05 | E149: =C149*D149 -> 4935.525
A150: Unión pf+uad. | B150: glb. | C150: 350 | D150: 1 | E150: =C150*D150 -> 350
F154: Subtotal | G154: =E149+E150+E151+E152+E153+E154 -> 5285.525
A155: III.TRANSPORTE
A156: Material | B156: Vol.o peso | C156: Distancia | D156: Tarifa | E156: Valor Unit.
A157: Transp. | E157: 1000
F161: Subtotal | G161: =E157+E158+E159+E160+E161 -> 1000
A162: IV. MANO DE OBRA
A163: Trabajador | B163: Jornal/dia | C163: Prest. Soc. | D163: Jornal Tot. | E163: Rendim/to | F163: Valor total
A164: 1 Oficial | B164: 150000 | C164: =0.75*B164 -> 112500 | D164: =B164+C164 -> 262500 | E164: 90 | F164: =D164/E164 -> 2916.6667
A165: 1 Ayudante | B165: 100000 | C165: =0.75*B165 -> 75000 | D165: =B165+C165 -> 175000 | E165: 90 | F165: =D165/E165 -> 1944.4444
F170: Subtotal | G170: =F164+F165+F166+F167+F168+F169 -> 4861.1111
A172: A: 25% | D172: TOTAL COSTO DIRECTO | G172: =G146+G154+G161+G170 -> 11389.692
E174: A.I.U. ( 30 ) % | G174: =0.3*G172 -> 3416.9075
A176: U: 5% | D176: PRECIO UNITARIO | G176: =G172+G174 -> 14806.599
A177: ANALISIS DE PRECIOS UNITARIOS
A179: NOMBRE: MUNICIPIO DE BURITICA
...

Sheet Cantidades de obra 
B2: Cantidades de obra
B4: Excavaciones - En bocatoma | C4: Unidad de medida | D4: Dimensiones | E4: Total (m3)
B5: Largo | C5: m | D5: =+(1.65+4.4+1.88*2)/4 -> 2.4525 | E5: =+D5*D6*D7 -> 0.289395
B6: Ancho | C6: m | D6: 2.36
B7: Desplante | C7: m | D7: 0.05 | E7: =+D5*D6 -> 5.7879
B20: Excavaciones pase aereo - En bocatoma | C20: Unidad de medida | D20: Dimensiones | E20: Cantidad | F20: Total (m3)
B21: Largo | C21: m | D21: 1 | E21: 2 | F21: =+D21*D22*D23*E21 -> 2
B22: Ancho | C22: m | D22: 1
B23: Desplante | C23: m | D23: 1
B24: Largo | C24: m | D24: 0.5 | E24: 2 | F24: =+D24*D25*D26*E24 -> 0.25
B25: Ancho | C25: m | D25: 0.5
B26: Desplante | C26: m | D26: 0.5 | F26: =+F21+F24 -> 2.25
B39: Concreto - Losa de bocatoma | C39: Unidad de medida | D39: Dimensiones | E39: Total (m3)
B40: Largo | C40: m | D40: =+D5 -> 2.4525 | E40: =+D40*D41*D42 -> 0.289395
B41: Ancho | C41: m | D41: =+D6 -> 2.36
B42: Desplante | C42: m | D42: =+D7 -> 0.05
B44: cimentacion pase aereo | C44: Unidad de medida | D44: Dimensiones | E44: Cantidad | F44: Total (m3)
B45: Largo | C45: m | D45: 1 | E45: 2 | F45: =+D45*D46*D47*E45 -> 2
B46: Ancho | C46: m | D46: 1
B47: Desplante | C47: m | D47: 1
B48: Largo | C48: m | D48: 0.5 | E48: 2 | F48: =+D48*D49*D50*E48 -> 0.25
B49: Ancho | C49: m | D49: 0.5
B50: Desplante | C50: m | D50: 0.5 | F50: =+F45+F48 -> 2.25
B52: columnas pase aereo | C52: Unidad de medida | D52: Dimensiones | E52: Total (m3)
B53: Largo c1 | C53: m | D53: 2.9 | E53: =+D53*D54*D55 -> 0.464
B54: Ancho c1 | C54: m | D54: 0.4
B55: Espesor c1 | C55: m | D55: 0.4
B56: Largo c2 | C56: m | D56: 0.4 | E56: =+D56*D57*D58 -> 0.064
B57: Ancho c2 | C57: m | D57: 0.4
B58: Espesor c2 | C58: m | D58: 0.4 | F58: =+E53+E56 -> 0.528
B59: total concreto (m3) | F59: =+E40+F50+F58 -> 3.067395
B72: Acero pase aereo - En bocatoma | C72: Unidad de medida | D72: Dimensiones | E72: Acero superior | F72: Acero inferior
B73: Largo c1 | C73: m | D73: 2.9 | E73: 3/8" | F73: 5/8"
B74: Ancho c1 | C74: m | D74: 0.4 | E74: 0.5625 | F74: 1.5625
B75: Espesor c1 | C75: m | D75: 0.4 | E75: 0.05 | F75: 0.075
B76: Largo c2 | C76: m | D76: 0.4 | E76: 3/8" | F76: 5/8"
B77: Ancho c2 | C77: m | D77: 0.4 | E77: 0.5625 | F77: 1.5625
B78: Espesor c2 | C78: m | D78: 0.4 | E78: 0.05 | F78: 0.075
B80: Columna 1 L=2,90 m | C80: Cantidad de barras | D80: Longitud de Barras | E80: Ganchos | F80: Total Acero (Kg)
B81: Acero Longitudinal C1 (kg) | C81: 4 | D81: =+(D73+D45)-E75-F75+0.25*2 -> 4.275 | E81: =D74-E75*2-0.1 -> 0.2 | F81: =C81*(D81+E81*2)*F74 -> 29.21875
B82: Acero Transversal C1 (kg) | C82: =+_xlfn.CEILING.MATH(((D73+D45)-E75-F75)/0.15,1) -> 26 | D82: =+D74-E78*2 -> 0.3 | E82: 0.1 | F82: =+C82*(D82*4+E82*2)*E74 -> 20.475
B83: Columna 2 L=2,90 m | C83: Cantidad de barras | D83: Longitud de Barras | E83: Ganchos | F83: Total Acero (Kg)
B84: Acero Longitudinal C2 (kg) | C84: 4 | D84: =+(D76+D45)-E78-F78+0.25*2 -> 1.775 | E84: =D76-E78*2 -> 0.3 | F84: =C84*(D84+E84*2)*F77 -> 14.84375
B85: Acero Transversal C2 (kg) | C85: =+_xlfn.CEILING.MATH(((D76+D45)-E78-F78)/0.15,1) -> 9 | D85: =+D77-E78*2 -> 0.3 | E85: 0.1 | F85: =+C85*(D85*4+E85*2)*E77 -> 7.0875
B87: Parrilla L=0,85 m | C87: Cantidad de barras | D87: Longitud de Barras | E87: Ganchos | F87: Total Acero (Kg)
B88: Acero Longitudinal C2 (kg) | C88: 0.85 | D88: =_xlfn.CEILING.MATH(0.85/0.2+1,1) -> 6 | E88: 0.25 | F88: =C88*(D88+E88*2)*F74 -> 8.6328125
B89: Acero Transversal C2 (kg) | C89: =+C88 -> 0.85 | D89: =_xlfn.CEILING.MATH(0.85/0.2+1,1) -> 6 | E89: 0.25 | F89: =C89*(D89+E89*2)*F74 -> 8.6328125
B90: Acero Total (kg) | F90: =+F81+F82+F84+F85+F88+F89 -> 88.890625
B103: Localización - Losa del tanque | C103: Unidad de medida | D103: Dimensiones | E103: Total (m3)
B104: Largo | C104: m | D104: =9.1+0.3 -> 9.4 | E104: =+D104*D105 -> 37.6
B105: Ancho | C105: m | D105: =3.7+0.3 -> 4
B107: Excavaciones - Losa del tanque | C107: Unidad de medida | D107: Dimensiones | E107: Total (m3)
B108: Largo | C108: m | D108: =9.1+0.3 -> 9.4 | E108: =+D108*D109*D110 -> 22.56
B109: Ancho | C109: m | D109: =3.7+0.3 -> 4
B110: Desplante | C110: m | D110: 0.6 | E110: En roca | F110: =+E108*0.2 -> 4.512
B123: Solado de limpieza- Losa del tanque | C123: Unidad de medida | D123: Dimensiones | E123: Total (m3)
B124: Largo | C124: m | D124: =9.1 -> 9.1 | E124: =+D124*D125*D126 -> 1.6835
B125: Ancho | C125: m | D125: =3.7 -> 3.7
B126: Desplante | C126: m | D126: 0.05
B139: Acero -- Losa del tanque | C139: Unidad de medida | D139: Dimensiones | E139: Acero superior | F139: Acero inferior
B140: Largo | C140: m | D140: =9.1 -> 9.1 | E140: 1/2" | F140: 5/8"
B141: Ancho | C141: m | D141: =3.7 -> 3.7 | E141: 0.994 | F141: 1.5625
B142: Desplante | C142: m | D142: 0.2 | E142: 0.05 | F142: 0.075
C144: Cantidad de barras | D144: direccion | E144: Peso Kg
B145: Parrilla Superior (kg) | C145: =CEILING((D140-F142*2)/0.25+1,1) -> 37 | D145: 2 | E145: =+D141*E141*C145*D145 -> 272.1572
B146: Parrilla Inferior (kg) | C146: =CEILING((D141-F143*2)/0.25+1,1) -> 16 | D146: 2 | E146: =+D140*F141*C146*D146 -> 455 | F146: =+E145+E146 -> 727.1572
B159: Concreto - Losa del tanque | C159: Unidad de medida | D159: Dimensiones | E159: Total (m3)
B160: Largo | C160: m | D160: =9.1 -> 9.1 | E160: =+D160*D161*D162 -> 6.734
B161: Ancho | C161: m | D161: =3.7 -> 3.7
B162: Desplante | C162: m | D162: 0.2
B175: Distribucion de Tuberías | C175: Unidad de medida | D175: Cantidad | E175: Observaciones
B176: Tubería 2" | C176: m | D176: =+Presupuesto!D125 -> 573 | E176: Se instalaran 36 m de tubería aerea en los sitios donde existen pasos aereos
B177: Tubería 11/2" | C177: m | D177: =+Presupuesto!D124 -> 800
B178: Tubería 1" | C178: m | D178: =+Presupuesto!D123 -> 570
B179: Tubería 3/4" | C179: m | D179: =+Presupuesto!D122 -> 750
B180: Tubería 1/2" | C180: m | D180: =+Presupuesto!D121 -> 1105
B181: Total (m) | D181: =SUM(D176:D180) -> 3798
B194: Distribucion de Tuberías | C194: Unidad de medida | D194: Cantidad | E194: Observaciones
B195: Tubería 2" | C195: m | D195: =+Presupuesto!D125 -> 573 | E195: Se instalaran 36 m de tubería aerea en los sitios donde existen pasos aereos | H195: =+D195-C215 -> 36
B196: Tubería 11/2" | C196: m | D196: =+D177 -> 800
B197: Tubería 1" | C197: m | D197: =+D178 -> 570
B198: Tubería 3/4" | C198: m | D198: =+D179 -> 750
B199: Tubería 1/2" | C199: m | D199: =+D180 -> 1105
B200: Total (m) | D200: =SUM(D195:D199) -> 3798
I212: =+C215-573 -> -36
B213: Excavaciones - Tuberias
B214: Descripción de item | C214: =+D194 -> Cantidad | D214: profundidad (m) | E214: Ancho(m) | F214: Total (m3)
B215: =+B195 -> Tubería 2" | C215: 537 | D215: 0.6 | E215: 0.3 | F215: =+C215*D215*E215 -> 96.66 | G215: =+D195-C215 -> 36 | I215: =+D215*E215*G215 -> 6.48 | K215: =+C215-16 -> 521
B216: =+B196 -> Tubería 11/2" | C216: =+D197 -> 570 | D216: 0.6 | E216: 0.3 | F216: =+C216*D216*E216 -> 102.6 | G216: =+D196-C216 -> 230 | I216: =+D216*E216*G216 -> 41.4
B217: =+B197 -> Tubería 1" | C217: 800 | D217: 0.6 | E217: 0.25 | F217: =+C217*D217*E217 -> 120 | G217: =+D197-C217 -> -230 | I217: =+D217*E217*G217 -> -34.5
B218: =+B198 -> Tubería 3/4" | C218: 570 | D218: 0.55 | E218: 0.2 | F218: =+C218*D218*E218 -> 62.7 | G218: =+D198-C218 -> 180 | I218: =+D218*E218*G218 -> 19.8
B219: =+B199 -> Tubería 1/2" | C219: =+D199 -> 1105 | D219: 0.5 | E219: 0.2 | F219: =+C219*D219*E219 -> 110.5 | G219: =+D199-C219 -> 0 | I219: =+D219*E219*G219 -> 0
B220: Total | F220: =SUM(F215:F219) -> 492.46 | I220: =SUM(I215:I219) -> 33.18
B221: Total excavacion en roca | F221: 10
B222: Total excavacion en roca | F222: =+(F220-F221)*0.4 -> 192.984
B233: uniones con reduciones - Tuberias
B234: Descripción de item | C234: unidad | D234: cantidad | E234: Observaciones
B235: Union con reducciones de 2 a 11/2 | C235: unidad | D235: 3 | G235: =+D214-C235 -> #VALUE! | I235: =+D235*E235*G235 -> #VALUE! | K235: =+C235-16 -> #VALUE!
B236: Union con reducciones de 11/2 a 1 | C236: unidad | D236: 3 | G236: =+D215-C236 -> #VALUE! | I236: =+D236*E236*G236 -> #VALUE!
B237: Union con reducciones de 11/2 a 3/4 | C237: unidad | D237: 1 | G237: =+D216-C237 -> #VALUE! | I237: =+D237*E237*G237 -> #VALUE!
...

Sheet Tanque almacenamiento
A1: ANALISIS DE PRECIOS UNITARIOS
A3: NOMBRE: MUNICIPIO DE BURITICA
A4: OBRA N° Tanque almacenamiento - Acueducto | F4: Fecha: | G4: =+TODAY() -> 46289
A6: ITEM N° : 1. | B6: Localización
C7: CANTIDAD: | D7: 140 | E7: UNID: | F7: M2
A8: I.EQUIPO
A9: Descripción | B9: Tipo | C9: Tarifa/Hr. | D9: Rendim. | E9: Valor Unit.
A10: Herram. | E10: =G38*0.05 -> 280.43958
F13: Subtotal | G13: =E10+E11+E12+E13 -> 280.43958
A14: II. MATERIALES
A15: Descripción | B15: Unidad | C15: Prec. Un. | D15: Cantid. | E15: Valor Unit.
I16: =+A32 -> 1 Oficial | J16: =+B32 -> 140000
I17: =+A33 -> 1 Ayudante | J17: =+B33 -> 91000
I18: =+A120 -> 1 Minero | J18: =+B120 -> 120000
I19: 1 pintor | J19: =+J18 -> 120000
F22: Subtotal | G22: =E16+E17+E18+E19+E20+E21+E22 -> 0
A23: III.TRANSPORTE
A24: Material | B24: Vol.o peso | C24: Distancia | D24: Tarifa | E24: Valor Unit.
F29: Subtotal | G29: =E25+E26+E27+E28+E29 -> 0
A30: IV. MANO DE OBRA
A31: Trabajador | B31: Jornal/dia | C31: Prest. Soc. | D31: Jornal Tot. | E31: Rendim/to | F31: Valor total
A32: 1 Oficial | B32: 140000 | C32: =0.75*B32 -> 105000 | D32: =B32+C32 -> 245000 | E32: 73.489896 | F32: =D32/E32 -> 3333.7916
A33: 1 Ayudante | B33: 91000 | C33: =0.75*B33 -> 68250 | D33: =B33+C33 -> 159250 | E33: 70 | F33: =D33/E33 -> 2275
F38: Subtotal | G38: =F32+F33+F34+F35+F36+F37 -> 5608.7916 | I38: 7656
A40: A: 25% | D40: TOTAL COSTO DIRECTO | G40: =G13+G22+G29+G38 -> 5889.2312
E42: A.I.U. ( 30 ) % | G42: =0.3*G40 -> 1766.7694
A44: U: 5% | D44: PRECIO UNITARIO | G44: =G40+G42 -> 7656.0006
A45: ANALISIS DE PRECIOS UNITARIOS
A47: NOMBRE: MUNICIPIO DE BURITICA
A48: OBRA N° Tanque almacenamiento - Acueducto | F48: Fecha: | G48: =+TODAY() -> 46289
A50: ITEM N° : 2,1 | B50: Excavacion en material heterogéneo.
C51: CANTIDAD: | D51: 30 | E51: UNID: | F51: M3
A52: I.EQUIPO
A53: Descripción | B53: Tipo | C53: Tarifa/Hr. | D53: Rendim. | E53: Valor Unit.
A54: Herram. | E54: =G82*0.05 -> 1923.0769
F57: Subtotal | G57: =E54+E55+E56+E57 -> 1923.0769
A58: II. MATERIALES
A59: Descripción | B59: Unidad | C59: Prec. Un. | D59: Cantid. | E59: Valor Unit.
F66: Subtotal | G66: =E60+E61+E62+E63+E64+E65+E66 -> 0
A67: III.TRANSPORTE
A68: Material | B68: Vol.o peso | C68: Distancia | D68: Tarifa | E68: Valor Unit.
F73: Subtotal | G73: =E69+E70+E71+E72+E73 -> 0
A74: IV. MANO DE OBRA
A75: Trabajador | B75: Jornal/dia | C75: Prest. Soc. | D75: Jornal Tot. | E75: Rendim/to | F75: Valor total
A76: 2 Ayudantes | B76: =+B33*2 -> 182000 | C76: =0.75*B76 -> 136500 | D76: =B76+C76 -> 318500 | E76: 8.281 | F76: =D76/E76 -> 38461.539
F82: Subtotal | G82: =F76+F77+F78+F79+F80+F81 -> 38461.539
A84: A: 25% | D84: TOTAL COSTO DIRECTO | G84: =G57+G66+G73+G82 -> 40384.616 | I84: 47775
E86: A.I.U. ( 30 ) % | G86: =0.3*G84 -> 12115.385
A88: U: 5% | D88: PRECIO UNITARIO | G88: =G84+G86 -> 52500
A89: ANALISIS DE PRECIOS UNITARIOS
A91: NOMBRE: MUNICIPIO DE BURITICA
A92: OBRA N° Tanque almacenamiento - Acueducto | F92: Fecha: | G92: =+TODAY() -> 46289
A94: ITEM N° : 2.2 | B94: Excavacion en roca.
C95: CANTIDAD: | D95: 2 | E95: UNID: | F95: M3
A96: I.EQUIPO
A97: Descripción | B97: Tipo | C97: Tarifa/Hr. | D97: Rendim. | E97: Valor Unit.
A98: Herram. | E98: =G126*0.05 -> 2650.1832
F101: Subtotal | G101: =E98+E99+E100+E101 -> 2650.1832
A102: II. MATERIALES
A103: Descripción | B103: Unidad | C103: Prec. Un. | D103: Cantid. | E103: Valor Unit.
A104: Mecha, polvora. | B104: glb | C104: =+Bocatoma!C148 -> 75000 | D104: 1 | E104: =+C104*D104 -> 75000
F110: Subtotal | G110: =E104+E105+E106+E107+E108+E109+E110 -> 75000
A111: III.TRANSPORTE
A112: Material | B112: Vol.o peso | C112: Distancia | D112: Tarifa | E112: Valor Unit.
A113: Transp. | E113: 20000
F117: Subtotal | G117: =E113+E114+E115+E116+E117 -> 20000
A118: IV. MANO DE OBRA
A119: Trabajador | B119: Jornal/dia | C119: Prest. Soc. | D119: Jornal Tot. | E119: Rendim/to | F119: Valor total
A120: 1 Minero | B120: 120000 | C120: =0.75*B120 -> 90000 | D120: =B120+C120 -> 210000 | E120: 7.545655 | F120: =D120/E120 -> 27830.586
A121: 1 ayudante | B121: =+B33 -> 91000 | C121: =0.75*B121 -> 68250 | D121: =B121+C121 -> 159250 | E121: 6.3262032 | F121: =D121/E121 -> 25173.077
F126: Subtotal | G126: =F120+F121+F122+F123+F124+F125 -> 53003.663
A128: A: 25% | D128: TOTAL COSTO DIRECTO | G128: =G101+G110+G117+G126 -> 150653.85 | I128: 192542.5
E130: A.I.U. ( 30 ) % | G130: =0.3*G128 -> 45196.154
A132: U: 5% | D132: PRECIO UNITARIO | G132: =G128+G130 -> 195850
A133: ANALISIS DE PRECIOS UNITARIOS
A135: NOMBRE: MUNICIPIO DE BURITICA
A136: OBRA N° Tanque almacenamiento - Acueducto | F136: Fecha: | G136: =+TODAY() -> 46289
A138: ITEM N° : 3. | B138: Entresuelo en piedra y recebo e = 0,20 m.
C139: CANTIDAD: | D139: 60 | E139: UNID: | F139: M2
A140: I.EQUIPO
A141: Descripción | B141: Tipo | C141: Tarifa/Hr. | D141: Rendim. | E141: Valor Unit.
A142: Herram. | E142: =G170*0.05 -> 1914.4231
F145: Subtotal | G145: =E142+E143+E144+E145 -> 1914.4231
A146: II. MATERIALES
A147: Descripción | B147: Unidad | C147: Prec. Un. | D147: Cantid. | E147: Valor Unit.
A148: Piedra | B148: M3 | C148: =+Bocatoma!C194 -> 170000 | D148: =1.05*0.15 -> 0.1575 | E148: =C148*D148 -> 26775
A149: Recebo | B149: M3 | C149: =+Bocatoma!C193 -> 200000 | D149: =0.05*1.05 -> 0.0525 | E149: =C149*D149 -> 10500
F154: Subtotal | G154: =E148+E149+E150+E151+E152+E153+E154 -> 37275
A155: III.TRANSPORTE
A156: Material | B156: Vol.o peso | C156: Distancia | D156: Tarifa | E156: Valor Unit.
A157: Transporte | E157: 32685.962
F161: Subtotal | G161: =E157+E158+E159+E160+E161 -> 32685.962
A162: IV. MANO DE OBRA
A163: Trabajador | B163: Jornal/dia | C163: Prest. Soc. | D163: Jornal Tot. | E163: Rendim/to | F163: Valor total
A164: 1 Oficial | B164: =+B32 -> 140000 | C164: =0.75*B164 -> 105000 | D164: =B164+C164 -> 245000 | E164: 10.95537 | F164: =D164/E164 -> 22363.462
A165: 1 Ayudante | B165: =+B33 -> 91000 | C165: =0.75*B165 -> 68250 | D165: =B165+C165 -> 159250 | E165: 10 | F165: =D165/E165 -> 15925
F170: Subtotal | G170: =F164+F165+F166+F167+F168+F169 -> 38288.462
A172: A: 25% | D172: TOTAL COSTO DIRECTO | G172: =G145+G154+G161+G170 -> 110163.85 | I172: 139721.25
E174: A.I.U. ( 30 ) % | G174: =0.3*G172 -> 33049.154
A176: U: 5% | D176: PRECIO UNITARIO | G176: =G172+G174 -> 143213
...

Sheet Bocatoma
A1: ANALISIS DE PRECIOS UNITARIOS
A3: NOMBRE: MUNICIPIO DE BURITICA
A4: OBRA N° Bocatoma - Acueducto | F4: Fecha: | G4: =+TODAY() -> 46289
A6: ITEM N° : 1. | B6: Localización
C7: CANTIDAD: | D7: 12 | E7: UNID: | F7: M2
A8: I.EQUIPO
A9: Descripción | B9: Tipo | C9: Tarifa/Hr. | D9: Rendim. | E9: Valor Unit.
A10: Herram. | E10: =G38*0.05 -> 224.35897
J12: 1 Oficial | K12: 150000
F13: Subtotal | G13: =E10+E11+E12+E13 -> 224.35897 | J13: 1 Ayudante | K13: 100000
A14: II. MATERIALES | J14: 1 Minero | K14: 120000
A15: Descripción | B15: Unidad | C15: Prec. Un. | D15: Cantid. | E15: Valor Unit. | J15: 1 pintor | K15: 120000
F22: Subtotal
A23: III.TRANSPORTE
A24: Material | B24: Vol.o peso | C24: Distancia | D24: Tarifa | E24: Valor Unit.
F29: Subtotal
A30: IV. MANO DE OBRA
A31: Trabajador | B31: Jornal/dia | C31: Prest. Soc. | D31: Jornal Tot. | E31: Rendim/to | F31: Valor total
A32: 1 Oficial | B32: 140000 | C32: =B32*0.75 -> 105000 | D32: =B32+C32 -> 245000 | E32: 90 | F32: =D32/E32 -> 2722.2222 | I32: =60000*30 -> 1800000 | J32: =+#REF!+I32 -> #REF!
A33: 1 Ayudante | B33: 90769.231 | C33: =B33*0.75 -> 68076.923 | D33: =B33+C33 -> 158846.15 | E33: 90 | F33: =D33/E33 -> 1764.9573
F38: Subtotal | G38: =F32+F33+F34+F35+F36+F37 -> 4487.1795
A40: A: 25% | D40: TOTAL COSTO DIRECTO | G40: =G13+G22+G29+G38 -> 4711.5385
E42: A.I.U. ( 30 ) % | G42: =0.3*G40 -> 1413.4615
A44: U: 5% | D44: PRECIO UNITARIO | G44: =G40+G42 -> 6125
A45: ANALISIS DE PRECIOS UNITARIOS
A47: NOMBRE: MUNICIPIO DE BURITICA
A48: =+A4 -> OBRA N° Bocatoma - Acueducto | F48: Fecha: | G48: =+TODAY() -> 46289
A50: ITEM N° : 2. | B50: Manejo de la quebrada
C51: CANTIDAD: | D51: 1 | E51: UNID: | F51: GLB
A52: I.EQUIPO
A53: Descripción | B53: Tipo | C53: Tarifa/Hr. | D53: Rendim. | E53: Valor Unit.
A54: Herram. | E54: =G82*0.05 -> 21623.697
J56: =+K56*350 -> 4998000 | K56: =12000*1.19 -> 14280
F57: Subtotal | G57: =E54+E55+E56+E57 -> 21623.697
A58: II. MATERIALES
A59: Descripción | B59: Unidad | C59: Prec. Un. | D59: Cantid. | E59: Valor Unit.
A60: Costales | B60: Unidad | C60: 1400 | D60: 25 | E60: =C60*D60 -> 35000
A61: Plastico | B61: glb | C61: 30000 | D61: 1 | E61: =C61*D61 -> 30000
A62: Tubería | B62: glb | C62: 60000 | D62: 1 | E62: =C62*D62 -> 60000
F66: Subtotal | G66: =E60+E61+E62+E63+E64+E65+E66 -> 125000
A67: III.TRANSPORTE
A68: Material | B68: Vol.o peso | C68: Distancia | D68: Tarifa | E68: Valor Unit.
A69: Transporte local | E69: 50229.292
F73: Subtotal | G73: =E69+E70+E71+E72+E73 -> 50229.292
A74: IV. MANO DE OBRA
A75: Trabajador | B75: Jornal/dia | C75: Prest. Soc. | D75: Jornal Tot. | E75: Rendim/to | F75: Valor total
A76: 1 Oficial | B76: =+B32 -> 140000 | C76: =B76*0.75 -> 105000 | D76: =B76+C76 -> 245000 | E76: 1.3025317 | F76: =D76/E76 -> 188095.24
A77: 2 Ayudante | B77: =+B33*2 -> 181538.46 | C77: =B77*0.75 -> 136153.85 | D77: =B77+C77 -> 317692.31 | E77: 1.3 | F77: =D77/E77 -> 244378.7
F82: Subtotal | G82: =F76+F77+F78+F79+F80+F81 -> 432473.93
A84: A: 25% | D84: TOTAL COSTO DIRECTO | G84: =G57+G66+G73+G82 -> 629326.92
E86: A.I.U. ( 30 ) % | G86: =0.3*G84 -> 188798.08
A88: U: 5% | D88: PRECIO UNITARIO | G88: =G84+G86 -> 818125
A89: ANALISIS DE PRECIOS UNITARIOS
A91: NOMBRE: MUNICIPIO DE BURITICA
A92: =+A4 -> OBRA N° Bocatoma - Acueducto | F92: Fecha: | G92: =+TODAY() -> 46289
A94: ITEM N° : 3.1 | B94: Excavacion en material humedo heterogeneo
C95: CANTIDAD: | D95: 4 | E95: UNID: | F95: M3
A96: I.EQUIPO
A97: Descripción | B97: Tipo | C97: Tarifa/Hr. | D97: Rendim. | E97: Valor Unit.
A98: Herram. | E98: =G126*0.05 -> 4487.1795
F101: Subtotal | G101: =E98+E99+E100+E101 -> 4487.1795
A102: II. MATERIALES
A103: Descripción | B103: Unidad | C103: Prec. Un. | D103: Cantid. | E103: Valor Unit.
F110: Subtotal | G110: =E104+E105+E106+E107+E108+E109+E110 -> 0
A111: III.TRANSPORTE
A112: Material | B112: Vol.o peso | C112: Distancia | D112: Tarifa | E112: Valor Unit.
F117: Subtotal | G117: =E113+E114+E115+E116+E117 -> 0
A118: IV. MANO DE OBRA
A119: Trabajador | B119: Jornal/dia | C119: Prest. Soc. | D119: Jornal Tot. | E119: Rendim/to | F119: Valor total
A120: 2 Ayudantes | B120: =+B33*2 -> 181538.46 | C120: =0.75*B120 -> 136153.85 | D120: =B120+C120 -> 317692.31 | E120: 3.54 | F120: =D120/E120 -> 89743.59
F126: Subtotal | G126: =F120+F121+F122+F123+F124+F125 -> 89743.59
A128: A: 25% | D128: TOTAL COSTO DIRECTO | G128: =G101+G110+G117+G126 -> 94230.77
E130: A.I.U. ( 30 ) % | G130: =0.3*G128 -> 28269.231
A132: U: 5% | D132: PRECIO UNITARIO | G132: =G128+G130 -> 122500
A133: ANALISIS DE PRECIOS UNITARIOS
A135: NOMBRE: MUNICIPIO DE BURITICA
A136: =+A4 -> OBRA N° Bocatoma - Acueducto | F136: Fecha: | G136: =+TODAY() -> 46289
A138: ITEM N° : 3.2 | B138: Excavacion en roca.
C139: CANTIDAD: | D139: 1 | E139: UNID: | F139: M3
A140: I.EQUIPO
A141: Descripción | B141: Tipo | C141: Tarifa/Hr. | D141: Rendim. | E141: Valor Unit.
A142: Herram. | E142: =G170*0.05 -> 6962.7676
F145: Subtotal | G145: =E142+E143+E144+E145 -> 6962.7676
A146: II. MATERIALES
A147: Descripción | B147: Unidad | C147: Prec. Un. | D147: Cantid. | E147: Valor Unit.
A148: Mecha, polvora | B148: Glb | C148: 75000 | D148: 1 | E148: =+C148*D148 -> 75000
F154: Subtotal | G154: =E148+E149+E150+E151+E152+E153+E154 -> 75000
A155: III.TRANSPORTE
A156: Material | B156: Vol.o peso | C156: Distancia | D156: Tarifa | E156: Valor Unit.
A157: Transp. | E157: 40000
F161: Subtotal | G161: =E157+E158+E159+E160+E161 -> 40000
A162: IV. MANO DE OBRA
A163: Trabajador | B163: Jornal/dia | C163: Prest. Soc. | D163: Jornal Tot. | E163: Rendim/to | F163: Valor total
A164: 1 Minero | B164: =+K14 -> 120000 | C164: =0.75*B164 -> 90000 | D164: =B164+C164 -> 210000 | E164: 2.4587516 | F164: =D164/E164 -> 85409.198
A165: 1 Ayudante | B165: =+B33 -> 90769.231 | C165: =0.75*B165 -> 68076.923 | D165: =B165+C165 -> 158846.15 | E165: 2.95 | F165: =D165/E165 -> 53846.154
F170: Subtotal | G170: =F164+F165+F166+F167+F168+F169 -> 139255.35
A172: A: 25% | D172: TOTAL COSTO DIRECTO | G172: =G145+G154+G161+G170 -> 261218.12
E174: A.I.U. ( 30 ) % | G174: =0.3*G172 -> 78365.436
A176: U: 5% | D176: PRECIO UNITARIO | G176: =G172+G174 -> 339583.56
A177: ANALISIS DE PRECIOS UNITARIOS
...

Sheet Tanque Desarenador
A1: ANALISIS DE PRECIOS UNITARIOS
A3: NOMBRE: MUNICIPIO DE BURITICA
A4: OBRA N° Desarenador - Acueducto | F4: Fecha: | G4: =+TODAY() -> 46289
A6: ITEM N° : 1,1 | B6: Excavacion en material heterogéneo.
C7: CANTIDAD: | D7: 4 | E7: UNID: | F7: M3
A8: I.EQUIPO
A9: Descripción | B9: Tipo | C9: Tarifa/Hr. | D9: Rendim. | E9: Valor Unit.
A10: Herram. | E10: =G38*0.05 -> 5833.3333 | J10: 1 Oficial | K10: 150000
J11: 1 Ayudante | K11: 100000
J12: 1 Minero | K12: 120000
F13: Subtotal | G13: =E10+E11+E12+E13 -> 5833.3333 | J13: 1 pintor | K13: 120000
A14: II. MATERIALES
A15: Descripción | B15: Unidad | C15: Prec. Un. | D15: Cantid. | E15: Valor Unit.
F22: Subtotal | G22: =E16+E17+E18+E19+E20+E21+E22 -> 0
A23: III.TRANSPORTE
A24: Material | B24: Vol.o peso | C24: Distancia | D24: Tarifa | E24: Valor Unit.
F29: Subtotal | G29: =E25+E26+E27+E28+E29 -> 0
A30: IV. MANO DE OBRA
A31: Trabajador | B31: Jornal/dia | C31: Prest. Soc. | D31: Jornal Tot. | E31: Rendim/to | F31: Valor total
A32: 2 Ayudantes | B32: =K11*2 -> 200000 | C32: =0.75*B32 -> 150000 | D32: =B32+C32 -> 350000 | E32: 3 | F32: =D32/E32 -> 116666.67
F38: Subtotal | G38: =F32+F33+F34+F35+F36+F37 -> 116666.67
A40: A: 25% | D40: TOTAL COSTO DIRECTO | G40: =G13+G22+G29+G38 -> 122500
E42: A.I.U. ( 30 ) % | G42: =0.3*G40 -> 36750
A44: U: 5% | D44: PRECIO UNITARIO | G44: =G40+G42 -> 159250
A46: ANALISIS DE PRECIOS UNITARIOS
A48: NOMBRE: MUNICIPIO DE BURITICA
A49: =+A4 -> OBRA N° Desarenador - Acueducto | F49: Fecha: | G49: =+TODAY() -> 46289
A51: ITEM N° : 1.2 | B51: Excavacion en roca.
C52: CANTIDAD: | D52: 2 | E52: UNID: | F52: M3
A53: I.EQUIPO
A54: Descripción | B54: Tipo | C54: Tarifa/Hr. | D54: Rendim. | E54: Valor Unit.
A55: Herram. | E55: =G83*0.05 -> 32627.119
A56: Taladro percutor | E56: 7500
A57: Planta Energia | E57: 7500
F58: Subtotal | G58: =E55+E56+E57+E58 -> 47627.119
A59: II. MATERIALES
A60: Descripción | B60: Unidad | C60: Prec. Un. | D60: Cantid. | E60: Valor Unit.
A61: Cemento demoledor. | B61: glb | C61: 35000 | D61: 1 | E61: =C61*D61 -> 35000
F67: Subtotal | G67: =E61+E62+E63+E64+E65+E66+E67 -> 35000
A68: III.TRANSPORTE
A69: Material | B69: Vol.o peso | C69: Distancia | D69: Tarifa | E69: Valor Unit.
A70: Transp. | E70: 25000
F74: Subtotal | G74: =E70+E71+E72+E73+E74 -> 25000
A75: IV. MANO DE OBRA
A76: Trabajador | B76: Jornal/dia | C76: Prest. Soc. | D76: Jornal Tot. | E76: Rendim/to | F76: Valor total
A77: 1 Minero | B77: =+K12 -> 120000 | C77: =0.75*B77 -> 90000 | D77: =B77+C77 -> 210000 | E77: 0.59 | F77: =D77/E77 -> 355932.2
A78: 1 ayudante | B78: =+K11 -> 100000 | C78: =0.75*B78 -> 75000 | D78: =B78+C78 -> 175000 | E78: 0.59 | F78: =D78/E78 -> 296610.17
F83: Subtotal | G83: =F77+F78+F79+F80+F81+F82 -> 652542.37
A85: A: 27% | D85: TOTAL COSTO DIRECTO | G85: =G58+G67+G74+G83 -> 760169.49
E87: A.I.U. ( 32 ) % | G87: =0.32*G85 -> 243254.24
A89: U: 5% | D89: PRECIO UNITARIO | G89: =G85+G87 -> 1003423.7
A91: ANALISIS DE PRECIOS UNITARIOS
A94: NOMBRE: MUNICIPIO DE BURITICA
A95: =+A4 -> OBRA N° Desarenador - Acueducto | F95: Fecha: | G95: =+TODAY() -> 46289
A97: ITEM N° : 2. | B97: Concreto para solado esp. = 0,05 m.
C98: CANTIDAD: | D98: 2 | E98: UNID: | F98: M2
A99: I.EQUIPO
A100: Descripción | B100: Tipo | C100: Tarifa/Hr. | D100: Rendim. | E100: Valor Unit.
A101: Herram. | E101: =G129*0.05 -> 4375
F104: Subtotal | G104: =E101+E102+E103+E104 -> 4375
A105: II. MATERIALES
A106: Descripción | B106: Unidad | C106: Prec. Un. | D106: Cantid. | E106: Valor Unit.
A107: Cemento. | B107: saco | C107: 40000 | D107: 0.4 | E107: =C107*D107 -> 16000
A108: Material de playa. | B108: M3 | C108: 200000 | D108: 0.1 | E108: =C108*D108 -> 20000
A109: Desperdicio | B109: Glb | C109: =(E107+E108)*0.05 -> 1800 | D109: 1 | E109: =C109*D109 -> 1800
F113: Subtotal | G113: =E107+E108+E109+E110+E111+E112+E113 -> 37800
A114: III.TRANSPORTE
A115: Material | B115: Vol.o peso | C115: Distancia | D115: Tarifa | E115: Valor Unit.
A116: Transporte | E116: =500000*0.05 -> 25000
F120: Subtotal | G120: =E116+E117+E118+E119+E120 -> 25000
A121: IV. MANO DE OBRA
A122: Trabajador | B122: Jornal/dia | C122: Prest. Soc. | D122: Jornal Tot. | E122: Rendim/to | F122: Valor total
A123: 1 Oficial | B123: =+K10 -> 150000 | C123: =0.75*B123 -> 112500 | D123: =B123+C123 -> 262500 | E123: 5 | F123: =D123/E123 -> 52500
A124: 1 Ayudante | B124: =+B78 -> 100000 | C124: =0.75*B124 -> 75000 | D124: =B124+C124 -> 175000 | E124: 5 | F124: =D124/E124 -> 35000
F129: Subtotal | G129: =F123+F124+F125+F126+F127+F128 -> 87500
A131: A: 25% | D131: TOTAL COSTO DIRECTO | G131: =G104+G113+G120+G129 -> 154675
E133: A.I.U. ( 30 ) % | G133: =0.3*G131 -> 46402.5
A135: U: 5% | D135: PRECIO UNITARIO | G135: =G131+G133 -> 201077.5
A136: ANALISIS DE PRECIOS UNITARIOS
A138: NOMBRE: MUNICIPIO DE BURITICA
A139: =+A4 -> OBRA N° Desarenador - Acueducto | F139: Fecha: | G139: =+TODAY() -> 46289
A141: ITEM N° 3 | B141: Tapa de concreto para desarenador tapa con marco metalico.
A142: metalico. | C142: CANTIDAD: | D142: 4 | E142: UNID: | F142: UN
A143: I.EQUIPO
A144: Descripción | B144: Tipo | C144: Tarifa/Hr. | D144: Rendim. | E144: Valor Unit.
A145: Herram. | E145: =G173*0.05 -> 4296.9597
F148: Subtotal | G148: =E145+E146+E147+E148 -> 4296.9597
A149: II. MATERIALES
A150: Descripción | B150: Unidad | C150: Prec. Un. | D150: Cantid. | E150: Valor Unit.
A151: Concreto | B151: m3 | C151: =+Bocatoma!G242 -> 777000 | D151: =3*1.7*0.1 -> 0.51 | E151: =C151*D151 -> 396270
A152: Herraje metalico | B152: Unidad | C152: =75000*3 -> 225000 | D152: 1 | E152: =C152*D152 -> 225000
F157: Subtotal | G157: =E151+E152+E153+E154+E155+E156+E157 -> 621270
A158: III.TRANSPORTE
A159: Material | B159: Vol.o peso | C159: Distancia | D159: Tarifa | E159: Valor Unit.
A160: Transporte | E160: 20000
F164: Subtotal | G164: =E160+E161+E162+E163+E164 -> 20000
A165: IV. MANO DE OBRA
A166: Trabajador | B166: Jornal/dia | C166: Prest. Soc. | D166: Jornal Tot. | E166: Rendim/to | F166: Valor total
A167: 1 Oficial | B167: 140000 | C167: =0.75*B167 -> 105000 | D167: =B167+C167 -> 245000 | E167: 5 | F167: =D167/E167 -> 49000
A168: 1 Ayudante | B168: =+Bocatoma!B781 -> 90769.231 | C168: =0.75*B168 -> 68076.923 | D168: =B168+C168 -> 158846.15 | E168: 4.3002063 | F168: =D168/E168 -> 36939.194
...

Sheet Base_Insumos
A1: CATÁLOGO MAESTRO DE PRECIOS UNITARIOS, CUADRILLAS Y TRANSPORTE
A2: MUNICIPIO DE BURITICÁ - PROYECTO OPTIMIZACIÓN ACUEDUCTO RURAL (VIGENCIA 2026)
A4: CÓDIGO | B4: DESCRIPCIÓN DEL INSUMO / CUADRILLA / SERVICIO | C4: UNIDAD | D4: TARIFA BASE 2026 (COP) | E4: DESPERDICIO (%) | F4: PRECIO UNITARIO FINAL (COP) | G4: ESPECIFICACIÓN TÉCNICA / OBSERVACIONES
A5: 1. MANO DE OBRA Y CUADRILLAS (FAS 75% INCLUIDO - BURITICÁ 2026)
A6: MO-01 | B6: Oficial de Construcción / Obras Civiles (incl. FAS 75%) | C6: H-D | D6: 115000 | E6: 0 | F6: =ROUND(D6*(1+E6),0) -> 115000 | G6: Resolución de Salarios 2026 - Obras Hidráulicas
A7: MO-02 | B7: Ayudante Práctico de Construcción (incl. FAS 75%) | C7: H-D | D7: 78000 | E7: 0 | F7: =ROUND(D7*(1+E7),0) -> 78000 | G7: Mano de obra no calificada zona rural Buriticá
A8: MO-03 | B8: Minero / Especialista en Excavación en Roca y Zanja | C8: H-D | D8: 95000 | E8: 0 | F8: =ROUND(D8*(1+E8),0) -> 95000 | G8: Excavación manual en terrenos de alta pendiente
A9: MO-04 | B9: Pintor / Aplicador Recubrimientos Epóxicos | C9: H-D | D9: 88000 | E9: 0 | F9: =ROUND(D9*(1+E9),0) -> 88000 | G9: Impermeabilización tanques y estructuras
A10: MO-05 | B10: Topógrafo Especialista (con Comisión de Topografía) | C10: Día | D10: 320000 | E10: 0 | F10: =ROUND(D10*(1+E10),0) -> 320000 | G10: Replanteo y control altimétrico redes y tanques
A11: MO-06 | B11: Cadenero / Auxiliar de Topografía | C11: Día | D11: 85000 | E11: 0 | F11: =ROUND(D11*(1+E11),0) -> 85000 | G11: Apoyo en levantamiento de redes acueducto
A12: MO-07 | B12: Cuadrilla Básica Obras Civiles (1 Oficial + 2 Ayudantes) | C12: Día | D12: 271000 | E12: 0 | F12: =ROUND(D12*(1+E12),0) -> 271000 | G12: Cuadrilla estándar estructuración y vaciados
A13: MO-08 | B13: Cuadrilla Especializada Redes (1 Oficial + 3 Ayudantes) | C13: Día | D13: 349000 | E13: 0 | F13: =ROUND(D13*(1+E13),0) -> 349000 | G13: Instalación, acople y prueba hidráulica de redes
A14: 2. TUBERÍAS, MANGUERAS Y ACCESORIOS PVC-P (PRESIÓN RDE)
A15: TUB-01 | B15: Tubería PVC Presión Ø 1/2" RDE 13.5 (Extr. Lisa L=6m) | C15: Tub | D15: 16800 | E15: 0.05 | F15: =ROUND(D15*(1+E15),0) -> 17640 | G15: NTC 382 / ASTM D2241 para acometidas
A16: TUB-02 | B16: Tubería PVC Presión Ø 1" RDE 21 (Unión Mecánica L=6m) | C16: Tub | D16: 28500 | E16: 0.05 | F16: =ROUND(D16*(1+E16),0) -> 29925 | G16: NTC 382 Redes secundarias y derivaciones
A17: TUB-03 | B17: Tubería PVC Presión Ø 1-1/2" RDE 21 (Unión Mecánica L=6m) | C17: Tub | D17: 44200 | E17: 0.05 | F17: =ROUND(D17*(1+E17),0) -> 46410 | G17: NTC 382 Redes matrices menores
A18: TUB-04 | B18: Tubería PVC Presión Ø 2" RDE 21 (Unión Mecánica L=6m) | C18: Tub | D18: 62000 | E18: 0.05 | F18: =ROUND(D18*(1+E18),0) -> 65100 | G18: NTC 382 Conducción y distribución principal
A19: TUB-05 | B19: Tubería PVC Presión Ø 2-1/2" RDE 21 (Unión Mecánica L=6m) | C19: Tub | D19: 94500 | E19: 0.05 | F19: =ROUND(D19*(1+E19),0) -> 99225 | G19: NTC 382 Línea aducción y desarenador
A20: TUB-06 | B20: Tubería PVC Presión Ø 3" RDE 21 (Unión Mecánica L=6m) | C20: Tub | D20: 132000 | E20: 0.05 | F20: =ROUND(D20*(1+E20),0) -> 138600 | G20: NTC 382 Aducción principal bocatoma
A21: TUB-07 | B21: Tubería PVC Presión Ø 4" RDE 21 (Unión Mecánica L=6m) | C21: Tub | D21: 215000 | E21: 0.05 | F21: =ROUND(D21*(1+E21),0) -> 225750 | G21: NTC 382 Tubería matriz y excesos tanques
A22: TUB-08 | B22: Manguera Polietileno Alta Densidad PEAD Ø 1" PN 10 | C22: m | D22: 6800 | E22: 0.03 | F22: =ROUND(D22*(1+E22),0) -> 7004 | G22: Tramos escarpados y cruces de quebradas
A23: ACC-01 | B23: Codo PVC Presión 90° Ø 2" Campana x Campana | C23: Und | D23: 9500 | E23: 0.03 | F23: =ROUND(D23*(1+E23),0) -> 9785 | G23: NTC 1339 Accesorios soldables PVC presión
A24: ACC-02 | B24: Codo PVC Presión 90° Ø 3" Campana x Campana | C24: Und | D24: 22000 | E24: 0.03 | F24: =ROUND(D24*(1+E24),0) -> 22660 | G24: NTC 1339 Cambios de alineamiento aducción
A25: ACC-03 | B25: Codo PVC Presión 90° Ø 4" Campana x Campana | C25: Und | D25: 41000 | E25: 0.03 | F25: =ROUND(D25*(1+E25),0) -> 42230 | G25: NTC 1339 Tubería descole y salidas de fondo
A26: ACC-04 | B26: Tee PVC Presión Ø 2" x 2" x 2" Campana | C26: Und | D26: 14500 | E26: 0.03 | F26: =ROUND(D26*(1+E26),0) -> 14935 | G26: NTC 1339 Derivaciones en red de distribución
... A35: INS-02 | B35: Limpiador Desengrasante Removedor PVC (1/4 Galón) | C35: Und | D35: 34000 | E35: 0.05 | F35: =ROUND(D35*(1+E35),0) -> 35700 | G35: Preparación superficial de juntas PVC
A36: 3. MATERIALES BÁSICOS Y ESTRUCTURALES
A37: MAT-01 | B37: Cemento Portland Gris Tipo 1 (Saco de 50 kg) | C37: Saco | D37: 37500 | E37: 0.05 | F37: =ROUND(D37*(1+E37),0) -> 39375 | G37: NTC 121 / NTC 321 Concretos estructurales
A38: MAT-02 | B38: Arena Lavada de Río para Revoque / Pega / Concreto | C38: m3 | D38: 110000 | E38: 0.08 | F38: =ROUND(D38*(1+E38),0) -> 118800 | G38: NTC 174 Agregado fino libre de materia orgánica
A39: MAT-03 | B39: Triturado Estructural 3/4" de Cantera | C39: m3 | D39: 135000 | E39: 0.08 | F39: =ROUND(D39*(1+E39),0) -> 145800 | G39: NTC 174 Agregado grueso para concretos
A40: MAT-04 | B40: Piedra Media Zanja / Rajón para Concreto Ciclópeo | C40: m3 | D40: 85000 | E40: 0.05 | F40: =ROUND(D40*(1+E40),0) -> 89250 | G40: Para cimientos y descoles de bocatoma
A41: MAT-05 | B41: Acero de Refuerzo Corrugado Grado 60 (3/8" y 1/2") | C41: kg | D41: 5400 | E41: 0.07 | F41: =ROUND(D41*(1+E41),0) -> 5778 | G41: NTC 2289 / ASTM A706 Sismorresistente
A42: MAT-06 | B42: Alambre Negro Recocido Calibre 18 para Amarre | C42: kg | D42: 8500 | E42: 0.1 | F42: =ROUND(D42*(1+E42),0) -> 9350 | G42: Fijación y armado de canastillas de refuerzo
A43: MAT-07 | B43: Aditivo Impermeabilizante Integral (Sika 1 o equivalente) | C43: kg | D43: 9200 | E43: 0.03 | F43: =ROUND(D43*(1+E43),0) -> 9476 | G43: Impermeabilización de masa en tanques de agua
A44: MAT-08 | B44: Madera para Formaleta (Listones, Tablas y Puntales 4 usos) | C44: m2 | D44: 28000 | E44: 0.1 | F44: =ROUND(D44*(1+E44),0) -> 30800 | G44: Encofrados muros y losas de tanques
A45: MAT-09 | B45: Tabla Chapa / Triplay Fenólico 15mm para Encofrado Visto | C45: Und | D45: 125000 | E45: 0.08 | F45: =ROUND(D45*(1+E45),0) -> 135000 | G45: Acabado liso e impermeable en muros de agua
A46: MAT-10 | B46: Puntillas de Acero con Cabeza (2", 2-1/2", 3") | C46: lb | D46: 4800 | E46: 0.05 | F46: =ROUND(D46*(1+E46),0) -> 5040 | G46: Fijación de encofrados y formaletería
A47: 4. EQUIPOS, MAQUINARIA Y HERRAMIENTAS
A48: EQ-01 | B48: Mezcladora de Concreto Cap. 1 Bulto a Gasolina (8 HP) | C48: Día | D48: 85000 | E48: 0 | F48: =ROUND(D48*(1+E48),0) -> 85000 | G48: Rendimiento 3.5 m3/h con operario
A49: EQ-02 | B49: Vibrador de Concreto a Gasolina con Aguja 1-1/2" (4 HP) | C49: Día | D49: 55000 | E49: 0 | F49: =ROUND(D49*(1+E49),0) -> 55000 | G49: Compactación óptima de muros y losas
A50: EQ-03 | B50: Motobomba Autocebante 2" para Desagüe y Achique | C50: Día | D50: 65000 | E50: 0 | F50: =ROUND(D50*(1+E50),0) -> 65000 | G50: Manejo de aguas en excavación de bocatoma
A51: EQ-04 | B51: Compresor Neumático Portátil + Martillo Demoledor | C51: Día | D51: 220000 | E51: 0 | F51: =ROUND(D51*(1+E51),0) -> 220000 | G51: Rotura y excavación de zanjas en roca dura
A52: EQ-05 | B52: Estación Total / Nivel Óptico de Precisión con Trípode | C52: Día | D52: 95000 | E52: 0 | F52: =ROUND(D52*(1+E52),0) -> 95000 | G52: Nivelación y trazado de cotas piezométricas
A53: EQ-06 | B53: Herramienta Menor (Palas, Picos, Carretillas, Baldes, Cizallas) | C53: %MO | D53: 0.05 | E53: 0 | F53: {=D53} -> 0.05 | G53: 5% sobre el valor total de la mano de obra
A54: 5. TRANSPORTE, ACARREOS Y FLETES REGIONALES BURITICÁ
A55: TR-01 | B55: Flete Terrestre Camión Medellín - Buriticá (Cabecera) | C55: Ton | D55: 185000 | E55: 0 | F55: =ROUND(D55*(1+E55),0) -> 185000 | G55: Transporte de cemento, acero y tubería por vía carreteable
A56: TR-02 | B56: Acarreo Volqueta Municipal / Interveredal (Hasta 10 km) | C56: Viaje | D56: 140000 | E56: 0 | F56: =ROUND(D56*(1+E56),0) -> 140000 | G56: Transporte de agregados pétrreos y materiales a pie de obra
A57: TR-03 | B57: Acarreo a Lomo de Mula (Sendero de Herradura / Trocha) | C57: Viaje | D57: 45000 | E57: 0 | F57: =ROUND(D57*(1+E57),0) -> 45000 | G57: Capacidad 100-120 kg para accesos a bocatoma y tanques
A58: TR-04 | B58: Acarreo Manual en Hombro / Cuadrilla en Sendero Escarpado | C58: Jornal | D58: 80000 | E58: 0 | F58: =ROUND(D58*(1+E58),0) -> 80000 | G58: Transporte de tubería y piezas en tramos sin acceso de bestia

Sheet Resumen_Licitacion
A1: MUNICIPIO DE BURITICÁ - ANTIOQUIA | SECRETARÍA DE PLANEACIÓN E INFRAESTRUCTURA
A2: PROYECTO: CONSTRUCCIÓN Y OPTIMIZACIÓN ACUEDUCTO VEREDA CARAUQUIA
A3: DOCUMENTO TÉCNICO-FINANCIERO: RESUMEN GENERAL DE LICITACIÓN PÚBLICA
A5: COSTO DIRECTO TOTAL | B5: TOTAL A.I.U. (30%) | C5: INTERVENTORÍA INTEGRAL (8%) | E5: PRESUPUESTO GENERAL
A6: =+C14 -> 305945222 | E6: =+A6 -> 305945222
A8: 1. RESUMEN DE COSTOS DIRECTOS POR CAPÍTULO DE OBRA
A9: Capítulo | B9: Descripción del Componente | C9: Costo Directo (COP) | D9: % Incidencia | E9: Estado / Observaciones
A10: Cap. I | B10: Bocatoma y Obras de Captación | C10: {=Presupuesto!F154} -> 14126745 | D10: =C10/$C$14 -> 0.046174098 | E10: Obras civiles e hidráulicas
A11: Cap. II | B11: Tanque Desarenador y Prefiltro | C11: {=Presupuesto!F155} -> 950958 | D11: =C11/$C$14 -> 0.0031082623 | E11: Unidades de sedimentación y filtrado
A12: Cap. III | B12: Tanque de Almacenamiento y Cloración | C12: {=Presupuesto!F156} -> 63635388 | D12: =C12/$C$14 -> 0.20799602 | E12: Estructura de reserva y desinfección
A13: Cap. IV | B13: Aducción, Conducción y Red de Distribución | C13: {=Presupuesto!F157} -> 2.2723213e+08 | D13: =C13/$C$14 -> 0.74272162 | E13: Tuberías RDE 21, accesorios e hidrantes
A14: TOTAL | B14: TOTAL COSTO DIRECTO DE CONSTRUCCIÓN | C14: =SUM(C10:C13) -> 305945222 | D14: =SUM(D10:D13) -> 1 | E14: 100.0% Presupuesto Base
A16: 2. ESTRUCTURA ECONÓMICA DE LA PROPUESTA (A.I.U. E INDIRECTOS)
A17: Ítem | B17: Concepto Financiero / Contractual | C17: Valor Total (COP) | D17: % Base / CD | E17: Bases de Cálculo
A18: A | B18: Costo Directo Total de Obra | C18: {=C14} -> 305945222 | D18: =C18/$C$14 -> 1 | E18: Presupuesto de ejecución material
A19: B.1 | B19: Administración e Imprevistos (AI) | C19: 0 | D19: =C19/$C$14 -> 0 | E19: 25.0% sobre Costo Directo
A20: B.2 | B20: Utilidad del Contratista (U) | C20: 0 | D20: =C20/$C$14 -> 0 | E20: 5.0% sobre Costo Directo
A21: SUBTOTAL | B21: VALOR TOTAL DEL CONTRATO DE OBRA (A + B) | C21: =SUM(C18:C20) -> 305945222 | D21: =C21/$C$14 -> 1 | E21: Costo Directo + AIU (30.0%)
A22: C | B22: Interventoría Técnica, Administrativa y Ambiental | C22: 0 | D22: =C22/$C$14 -> 0 | E22: 8.0% sobre Costo Directo
A23: D | B23: Plan de Manejo Ambiental y Social (PMAS) | C23: {=Presupuesto!F169} -> 0 | D23: =C23/$C$14 -> 0 | E23: 1.0% sobre Costo Directo
A24: TOTAL | B24: PRESUPUESTO OFICIAL TOTAL DEL PROYECTO | C24: =+C21 -> 305945222 | D24: =C24/$C$14 -> 1 | E24: Inversión Municipal Total
